 Dungeon Crawl Stone Soup version 0.21.1 (webtiles) character file.

6951 Fascinator the Fighter (level 10, -21/86 HPs)
             Began as a Mummy Fighter on Feb 3, 2018.
             Was a Priest of Okawaru.
             Killed by dispel undead
             ... invoked by Josephine
              (36 damage)
             ... on level 9 of the Dungeon on Feb 4, 2018.
             The game lasted 00:33:28 (11597 turns).

Fascinator the Fighter (Mummy Fighter)             Turns: 11597, Time: 00:33:29

Health: -21/86     AC: 17    Str: 29    XL:     10   Next: 80%
Magic:  10/10      EV:  6    Int:  7    God:    Okawaru [***...]
Gold:   239        SH: 11    Dex: 12    Spells: 9/9 levels left

rFire    . . .     SeeInvis +   l - +2 falchion (elec)
rCold    + . .     Gourm    .   c - +0 shield
rNeg     + + +     Faith    .   p - +0 plate armour
rPois    ∞         Spirit   .   n - +2 hat
rElec    .         Reflect  .   k - scarf {rC+ rF+}
rCorr    .         Harm     .   g - +0 pair of gloves
MR       ++...                  o - +0 pair of boots
Stlth    ..........             (no amulet)
HPRegen  0.24/turn              q - ring "Cestronwi" {rC- Str+6 SInv}
MPRegen  0.12/turn              u - ring of protection from magic

@: no status effects
A: no food or potions, fire vulnerability, cold resistance 1, negative energy
resistance 3, torment resistance, unbreathing
a: Heroism, Renounce Religion


You were on level 9 of the Dungeon.
You worshipped Okawaru.
Okawaru was most pleased with you.
You were not hungry.

You visited 2 branches of the dungeon, and saw 11 of its levels.

You collected 564 gold pieces.
You spent 325 gold pieces at shops.

Inventory:

Hand Weapons
 l - a +2 falchion of electrocution (weapon)
Armour
 c - a +0 shield (worn)
 g - a +0 pair of gloves (worn)
 k - a scarf of resistance (worn)
 n - a +2 hat (worn)
 o - a +0 pair of boots (worn)
 p - a +0 plate armour (worn)
Jewellery
 j - an uncursed ring of resist corrosion
 q - the ring "Cestronwi" (left hand) {rC- Str+6 SInv}
   (You found it on level 8 of the Dungeon)

   [ring of see invisible]

   It affects your strength (+6).
   It makes you vulnerable to cold.
   It lets you see invisible.
 r - an uncursed amulet of magic regeneration
 u - a ring of protection from magic (right hand)
Wands
 a - a wand of polymorph (31)
 s - a wand of iceblast (9)
 t - a wand of random effects (46)
Scrolls
 b - a scroll of enchant armour {unknown}
 d - 8 scrolls of identify
 e - a scroll of amnesia {unknown}
 f - 4 scrolls of teleportation {unknown}
 h - 8 scrolls of remove curse {unknown}
 i - 3 scrolls of magic mapping {unknown}
Books
 m - a book of Maledictions

   Spells                             Type                      Level
   a - Corona                         Hexes                        1
   b - Ensorcelled Hibernation        Hexes/Ice                    2
   c - Confuse                        Hexes                        3
   d - Tukima's Dance                 Hexes                        3
   e - Dazzling Spray                 Conjuration/Hexes            3


   Skills:
 * Level 10.9 Fighting
 + Level 6.4 Long Blades
 + Level 6.7 Armour
 + Level 6.7 Shields


You had 9 spell levels left.
You didn't know any spells.

Dungeon Overview and Level Annotations

Branches:
Dungeon (10/15)            Temple (1/1) D:6
   Lair: D:8-11         Orc: D:9-12

Altars:
Ashenzari
Cheibriados
Dithmenos
Elyvilon
Fedhas
Gozag
Hepliaklqana
Kikubaaqudgha
Makhleb
Nemelex Xobeh
Okawaru
Ru
Trog
Vehumet
Wu Jian
Yredelemnul
Zin
The Shining One

Shops:
D:5 =   D:10 =

Annotations:
D:6 1 exclusion
D:7 1 runed door, 1 exclusion, Rrauwl's ghost, novice DrAr
D:9 Josephine


Innate Abilities, Weirdness & Mutations

You do not eat or drink.
Your flesh is vulnerable to fire.
You are immune to poison.
Your flesh is cold resistant. (rC+)
You are immune to negative energy. (rN+++)
You are immune to unholy pain and torment.
You can survive without breathing.


Message History

Josephine is heavily wounded.
You feel yourself speed up. You block the wraith's attack.
Josephine casts a spell at you.
You convulse!
The wraith barely misses you.
Josephine screams, "I have something special for you."
Josephine gestures at you while chanting.
You convulse!
* * * LOW HITPOINT WARNING * * *
You closely miss Josephine.
Josephine is heavily wounded.
The wraith hits you.
* * * LOW HITPOINT WARNING * * *
Josephine hits you but does no damage.
You slash Josephine!
Josephine is heavily wounded.
The wraith hits you but does no damage.
Josephine points at you and mumbles some strange words.
You convulse!
You die...

.........#......#...........#....
.........#......#...........#....
.........#......#...........#....
.........#......#...........#....
.........#......#...........#####
.........#..................#....
............................#....
####.....#.....@.......######....
.........#......@......#....#....
.........#.....[.W.....'....#....
.........########......#.........
.........'......#......#.........
##'#######......#......######....
.........#......#...........#....
......%..#......#...........#....
.........#......#................
.........#......#......#.........


You could see Josephine and a wraith.

Vanquished Creatures
  A two-headed ogre (D:9)
  A flayed ghost (D:9)
  A deep elf archer (D:9)
  An ugly thing (D:10)
  A deep elf mage (D:9)
  Joseph (D:7)
  2 centaur zombies
  A troll (D:9)
  A wraith (D:10)
  A water moccasin (D:5)
  An ice beast (D:4)
  2 black bears
  2 orc warriors
  A sky beast (D:9)
  6 ogres
  A centaur (D:6)
  3 bullfrogs
  A gnoll sergeant (D:7)
  3 scorpions
  3 wights (D:8)
  6 killer bees (D:10)
  An electric eel (D:7)
  A howler monkey (D:4)
  6 crimson imps
  6 hounds
  2 jellies
  5 orc priests
  4 iguanas
  7 orc wizards
  5 worker ants
  A hound skeleton (D:4)
  18 gnolls
  6 adders
  2 shadow imps
  2 oozes
  3 adder skeletons
  3 worms
  3 dart slugs
  4 leopard geckos
  20 orcs
  A ball python (D:3)
  3 giant cockroaches
  5 goblins
  3 hobgoblins
  14 jackals
  3 kobolds
  3 quokkas
  6 bats
  5 frilled lizards
  A goblin zombie (D:7)
  A kobold zombie (D:7)
  A quokka zombie (D:6)
  3 rats
188 creatures vanquished.

Notes
Turn   | Place    | Note
-------+----------+-------------------------------------------
     0 | D:1      | Fascinator the Mummy Fighter began the quest for the Orb.
     0 | D:1      | Reached XP level 1. HP: 18/18 MP: 1/1
   315 | D:1      | Reached XP level 2. HP: 11/24 MP: 2/2
   967 | D:2      | Reached XP level 3. HP: 29/29 MP: 3/3
  1853 | D:3      | Reached XP level 4. HP: 37/37 MP: 4/4
  2056 | D:3      | Reached skill level 4 in Fighting
  2219 | D:3      | Reached XP level 5. HP: 40/43 MP: 5/5
  2230 | D:3      | Noticed an orc warrior
  2997 | D:4      | Reached XP level 6. HP: 26/50 MP: 6/6
  3162 | D:3      | Reached skill level 5 in Fighting
  3777 | D:4      | Reached XP level 7. HP: 32/57 MP: 7/7
  3969 | D:4      | Reached skill level 6 in Fighting
  4114 | D:5      | Entered Level 5 of the Dungeon
  4500 | D:5      | Reached XP level 8. HP: 59/65 MP: 8/8
  4515 | D:5      | Found Bikoatyo's Jewellery Emporium.
  4635 | D:5      | Reached skill level 7 in Fighting
  4643 | D:5      | Found a shattered altar of Ashenzari.
  5340 | D:6      | Reached skill level 8 in Fighting
  5398 | D:6      | Reached skill level 5 in Armour
  5398 | D:6      | Reached XP level 9. HP: 45/74 MP: 9/9
  5409 | D:6      | Reached skill level 5 in Shields
  6192 | D:6      | Found a staircase to the Ecumenical Temple.
  6203 | Temple   | Entered the Ecumenical Temple
  6262 | Temple   | Became a worshipper of Warmaster Okawaru
  7523 | D:7      | Noticed Joseph
  7541 | D:7      | Killed Joseph
  7541 | D:7      | Reached skill level 9 in Fighting
  7541 | D:7      | Reached skill level 5 in Long Blades
  7743 | D:7      | Found a runed door.
  7752 | D:7      | Found a basalt altar of Yredelemnul.
  7887 | D:7      | Noticed Rrauwl's ghost (novice DrAr)
  8134 | D:8      | Found a radiant altar of Vehumet.
  8278 | D:8      | Got a faintly glowing copper ring
  9086 | D:9      | Noticed a two-headed ogre
  9826 | D:9      | Reached * piety under Okawaru
  9870 | D:9      | Found a runed door.
  9988 | D:9      | Killed a two-headed ogre
  9988 | D:9      | Reached XP level 10. HP: 35/85 MP: 10/10
 10629 | D:9      | Noticed a flayed ghost
 10648 | D:9      | Killed a flayed ghost
 10648 | D:9      | Reached ** piety under Okawaru
 10648 | D:9      | Reached skill level 10 in Fighting
 10987 | D:9      | Noticed a deep elf mage
 11005 | D:9      | Noticed a deep elf archer
 11027 | D:9      | Killed a deep elf mage
 11032 | D:9      | Killed a deep elf archer
 11060 | D:9      | Got an ebony dagger
 11061 | D:9      | Identified the +3 dagger of Departure {venom, rPois} (You found it on level 9 of the Dungeon)
 11064 | D:9      | Identified the ring "Cestronwi" {rC- Str+6 SInv} (You found it on level 8 of the Dungeon)
 11100 | D:10     | Entered Level 10 of the Dungeon
 11233 | D:10     | Reached *** piety under Okawaru
 11254 | D:10     | Noticed a purple ugly thing
 11270 | D:10     | Killed a purple ugly thing
 11492 | D:10     | Found Ikhoguok's Jewellery Shoppe.
 11571 | D:10     | Bought an uncursed ring of protection from magic for 325 gold pieces
 11575 | D:10     | Noticed Josephine
 11597 | D:9      | Killed from afar by Josephine

Skill      XL: |  1  2  3  4  5  6  7  8  9 10 |
---------------+-------------------------------+-----
Long Blades    | 2 3 4 5 6 |  6.4
Fighting       | 4 5 6 8 9 10 | 10.9
Armour         | 3 4 5 6 |  6.7
Shields        | 3 4 6 |  6.7

Action                   |  1- 3 |  4- 6 |  7- 9 | 10-12 || total
-------------------------+-------+-------+-------+-------++-------
Melee: Long sword        |   127 |    11 |       |       ||   138
       Falchion          |       |   131 |   417 |   146 ||   694
  Use: Scroll            |       |       |     2 |     3 ||     5
Armor: Scale mail        |    59 |    56 |    44 |       ||   159
       Plate armour      |       |       |   156 |    74 ||   230
Dodge: Dodged            |    53 |    36 |    76 |    35 ||   200
Block: Shield            |    56 |    71 |   221 |    84 ||   432
       Rpst.: Long sword |    18 |       |       |       ||    18
       Falchion          |       |    17 |    25 |    10 ||    52
